[Event "42nd Olympiad Baku 2016 Women"]
[Site "Baku"]
[Date "2016.09.03"]
[Round "2.31"]
[White "Berezovska Svetlana"]
[Black "Song, Kate"]
[Result "1-0"]
[ECO "A04"]
[WhiteElo "1794"]
[BlackElo "1681"]
[Annotator ""]
[PlyCount "131"]
[EventDate "2016.??.??"]
[EventCountry "AZE"]
[SourceTitle "playchess.com"]
[Source "ChessBase"]
[WhiteTeam "Monaco"]
[BlackTeam "New Zealand"]
[WhiteTeamCountry "MNC"]
[BlackTeamCountry "NZL"]
[TimeControl "40/5400+30:1800+30"]

1. Nf3 {(00:00)} Nc6 {(00:00)} 2. d4 {(00:00)} d5 {
(00:06)} 3. g3 {(00:21)} Bf5 {(00:52)} 4. Bg2 {(03:
11)} Qd7 {(03:06)} 5. Ne5 {(03:36)} Nxe5 {(00:26)} 6. dxe5
{(00:06)} c6 {(02:19)} 7. Nc3 {(09:04)} e6 {(02:55]
} 8. e4 {(05:41)} Bg6 {(00:20)} 9. exd5 {(03:45)} exd5 {
(00:20)} 10. Bf4 {(08:46)} Bf5 {(05:16)} 11. h4 {(
10:38)} h5 {(00:53)} 12. O-O {(02:03)} Ne7 {(02:19)} 13.
Re1 {(03:27)} Ng6 {(03:25)} 14. Bg5 {(00:35)} Be7 {
(04:46)} 15. Bxe7 {(04:59)} Nxe7 {(00:59)} 16. Bf3 {
(04:20)} g6 {(01:22)} 17. Qd4 {(04:40)} Be6 {(04:
05)} 18. Ne2 {(04:12)} Nf5 {(00:58)} 19. Qb4 {(01:06)} Qe7
{(01:35)} 20. Qxe7+ {(00:52)} Kxe7 {(00:15)} 21. Rad1 {
(00:30)} Rhd8 {(01:47)} 22. Nf4 {(01:42)} Ng7 {(05:
19)} 23. a3 {(04:32)} Bf5 {(00:27)} 24. Rd2 {(00:22)} Ne6
{(00:17)} 25. Ng2 {(03:42)} d4 {(00:43)} 26. Red1 {
(01:35)} Rab8 {(00:41)} 27. b4 {(00:51)} Rd7 {(05:
35)} 28. Ne3 {(01:18)} Ng7 {(02:51)} 29. Rxd4 {(01:34)}
Rxd4 {(00:14)} 30. Rxd4 {(00:05)} Rd8 {(04:18)} 31. Rxd8 {
(00:53)} Kxd8 {(00:03)} 32. Nxf5 {(01:20)} Nxf5 {(
00:06)} 33. c3 {(04:07)} Ke7 {(00:32)} 34. Be4 {(01:38)}
Ke6 {(00:14)} 35. Bxf5+ {(05:35)} Kxf5 {(00:06)} 36. f4 {
(00:08)} b5 {(01:29)} 37. Kf2 {(00:44)} Ke4 {(00:
04)} 38. Ke2 {(02:20)} a6 {(00:05)} 39. Kf2 {(01:32)} Kd3
{(15:31)} 40. Kf3 {(00:00)} Kxc3 {(00:00)} 41. Ke4 {
(06:35)} Kc4 {(00:42)} 42. f5 {(00:17)} gxf5+ {(00:
05)} 43. Kxf5 {(00:03)} Kd5 {(00:05)} 44. Kf6 {(00:39)}
Kd4 {(00:07)} 45. Kxf7 {(00:31)} Kxe5 {(00:06)} 46. Kg6 {
(00:07)} Kd5 {(00:53)} 47. Kxh5 {(00:11)} c5 {(00:
02)} 48. bxc5 {(00:24)} Kxc5 {(00:01)} 49. Kg6 {(01:35)}
a5 {(00:11)} 50. Kf5 {(05:39)} b4 {(00:08)} 51. axb4+ {
(00:12)} axb4 {(00:05)} 52. Ke4 {(00:06)} Kc4 {(00:
07)} 53. Ke3 {(00:21)} Kc3 {(00:07)} 54. h5 {(00:13)} b3 {
(01:19)} 55. h6 {(00:09)} b2 {(00:04)} 56. h7 {(00:
08)} b1=Q {(00:54)} 57. h8=Q+ {(00:06)} Kc4 {(00:04)} 58.
Qd4+ {(00:51)} Kb5 {(00:16)} 59. Qd3+ {(00:33)} Qxd3+ {
(00:15)} 60. Kxd3 {(00:04)} Kc5 {(00:25)} 61. Ke4 {
(00:14)} Kd6 {(00:13)} 62. Kf5 {(00:12)} Ke7 {(00:
12)} 63. Kg6 {(00:11)} Kf8 {(00:12)} 64. g4 {(01:24)} Kg8
{(00:11)} 65. g5 {(00:25)} Kh8 {(00:22)} 66. Kf7 1-0

[Event "42nd Olympiad Baku 2016 Women"]
[Site "Baku"]
[Date "2016.09.03"]
[Round "2.19"]
[White "Beydullayeva, Govhar"]
[Black "Ozturk, Kubra"]
[Result "1/2-1/2"]
[ECO "E12"]
[WhiteElo "1994"]
[BlackElo "2277"]
[Annotator ""]
[PlyCount "70"]
[EventDate "2016.??.??"]
[EventCountry "AZE"]
[SourceTitle "playchess.com"]
[Source "ChessBase"]
[WhiteTeam "Azerbaijan"]
[BlackTeam "Turkey"]
[WhiteTeamCountry "AZE"]
[BlackTeamCountry "TUR"]
[TimeControl "40/5400+30:1800+30"]

1. d4 {(00:00)} Nf6 {(00:00)} 2. c4 {(00:00)} e6 {(
00:00)} 3. Nf3 {(00:00)} b6 {(00:15)} 4. a3 {(00:02)} Bb7
{(01:06)} 5. Nc3 {(00:28)} d5 {(00:19)} 6. cxd5 {(
00:53)} Nxd5 {(00:14)} 7. Bd2 {(00:42)} Be7 {(06:29)} 8.
Qc2 {(00:16)} Nxc3 {(02:39)} 9. Bxc3 {(00:09)} O-O {
(02:52)} 10. e4 {(00:45)} Nd7 {(04:15)} 11. O-O-O {
(01:45)} Qc8 {(06:16)} 12. Bc4 {(07:08)} c6 {(13:
07)} 13. h4 {(06:42)} Rd8 {(19:40)} 14. Rh3 {(03:13)} b5 {
(06:25)} 15. Ba2 {(08:16)} a5 {(03:08)} 16. b4 {(
12:43)} axb4 {(01:12)} 17. axb4 {(00:26)} c5 {(10:58)} 18.
dxc5 {(02:57)} Bxe4 {(02:11)} 19. Qb2 {(10:42)} Bf6 {
(05:36)} 20. Ng5 {(16:09)} Bf5 {(02:10)} 21. Rg3 {(
03:42)} Qc7 {(03:59)} 22. Rd6 {(08:48)} Bxc3 {(03:30)} 23.
Qxc3 {(05:21)} g6 {(03:18)} 24. Bb1 {(03:12)} Nf8 {
(00:54)} 25. Bxf5 {(05:12)} exf5 {(00:08)} 26. Rgd3 {
(01:24)} Re8 {(00:13)} 27. Re3 {(00:38)} Rxe3 {(00:
55)} 28. fxe3 {(00:20)} Ra2 {(00:55)} 29. Qb3 {(00:52)}
Ra1+ {(00:29)} 30. Kc2 {(00:45)} Rg1 {(00:20)} 31. Rf6 {
(00:42)} Rxg2+ {(00:05)} 32. Kc1 {(00:57)} Rg1+ {(
00:05)} 33. Kc2 {(00:23)} Rg2+ {(00:06)} 34. Kc1 {(00:15)}
Rg1+ {(02:21)} 35. Kc2 {(00:09)} Rg2+ {(00:32)} 1/2-1/2

[Event "42nd Olympiad Baku 2016 Women"]
[Site "Baku"]
[Date "2016.09.03"]
[Round "2.11"]
[White "Biryukov, Alice"]
[Black "Deng Jing Xin Crystal"]
[Result "1-0"]
[ECO "B31"]
[WhiteElo "1898"]
[BlackElo "1625"]
[Annotator ""]
[PlyCount "47"]
[EventDate "2016.??.??"]
[EventCountry "AZE"]
[SourceTitle "playchess.com"]
[Source "ChessBase"]
[WhiteTeam "Luxembourg"]
[BlackTeam "Hong Kong"]
[WhiteTeamCountry "LUX"]
[BlackTeamCountry "HKG"]
[TimeControl "40/5400+30:1800+30"]

1. e4 {(00:00)} c5 {(00:00)} 2. Nf3 {(00:00)} Nc6 {
(00:00)} 3. Bb5 {(00:05)} g6 {(00:02)} 4. O-O {(00:
19)} Bg7 {(01:13)} 5. Re1 {(00:56)} Nf6 {(01:37)} 6. e5 {
(01:47)} Nd5 {(03:02)} 7. Nc3 {(01:43)} Nc7 {(02:
05)} 8. Bxc6 {(00:26)} dxc6 {(00:30)} 9. Ne4 {(01:30)} Ne6
{(04:55)} 10. d3 {(01:58)} O-O {(03:03)} 11. Be3 {(
03:23)} b6 {(04:12)} 12. Qd2 {(02:26)} Nd4 {(03:19)} 13.
Nxd4 {(02:32)} cxd4 {(01:07)} 14. Bh6 {(01:54)} c5 {
(02:38)} 15. Qg5 {(13:39)} f6 {(13:20)} 16. Qh4 {(
08:27)} Bf5 {(05:06)} 17. Bxg7 {(10:09)} Kxg7 {(00:22)}
18. Re2 {(03:20)} Qd7 {(04:33)} 19. Rae1 {(05:23)} Rae8 {
(04:37)} 20. Nxf6 {(09:07)} exf6 {(03:38)} 21. exf6+ {
(00:17)} Kh8 {(18:04)} 22. Re7 {(01:04)} g5 {(07:
26)} 23. Qh6 {(07:21)} Rxe7 {(09:29)} 24. Qxf8# {(00:20)}
1-0

[Event "42nd Olympiad Baku 2016 Women"]
[Site "Baku"]
[Date "2016.09.03"]
[Round "2.2"]
[White "Boshra, Alshaeby"]
[Black "Fernandez, Maria Florencia"]
[Result "1-0"]
[ECO "B07"]
[WhiteElo "1983"]
[BlackElo "2189"]
[Annotator ""]
[PlyCount "71"]
[EventDate "2016.??.??"]
[EventCountry "AZE"]
[SourceTitle "playchess.com"]
[Source "ChessBase"]
[WhiteTeam "Jordan"]
[BlackTeam "Argentina"]
[WhiteTeamCountry "JOR"]
[BlackTeamCountry "ARG"]
[TimeControl "40/5400+30:1800+30"]

1. d4 {(00:00)} Nf6 {(00:05)} 2. Nc3 {(00:26)} g6 {
(02:23)} 3. e4 {(00:52)} d6 {(00:05)} 4. f3 {(00:
45)} Bg7 {(00:06)} 5. Be3 {(00:05)} c6 {(00:04)} 6. Qd2 {
(00:03)} b5 {(00:08)} 7. Nge2 {(00:04)} Qc7 {(01:
57)} 8. Bh6 {(00:26)} Bxh6 {(00:17)} 9. Qxh6 {(00:05)}
Nbd7 {(00:38)} 10. g4 {(11:47)} b4 {(02:17)} 11. Nd1 {
(00:05)} c5 {(05:22)} 12. Ne3 {(02:12)} Ba6 {(10:
34)} 13. dxc5 {(18:09)} Qxc5 {(05:57)} 14. Kf2 {(44:31)}
Ne5 {(01:44)} 15. Kg2 {(01:02)} g5 {(16:53)} 16. Nf5 {
(04:09)} Nexg4 {(13:57)} 17. fxg4 {(00:13)} Qxc2 {(
02:50)} 18. Nxd6+ {(01:26)} Kd7 {(00:51)} 19. Rc1 {(00:59]
} Qd2 {(01:12)} 20. Nc4 {(00:48)} Bxc4 {(07:05)} 21. Rxc4
{(00:05)} Ke8 {(00:23)} 22. Rd4 {(01:46)} Qe1 {(02:
58)} 23. e5 {(01:07)} Nd7 {(01:07)} 24. e6 {(03:04)} Nf6 {
(04:23)} 25. Ng3 {(02:08)} Qe5 {(01:57)} 26. exf7+ {
(01:08)} Kxf7 {(00:12)} 27. Bc4+ {(00:08)} e6 {(02:
57)} 28. Rhd1 {(00:19)} Rhg8 {(05:13)} 29. Nf5 {(02:42)}
Rg6 {(00:07)} 30. Qh3 {(02:43)} Kf8 {(01:08)} 31. Rd8+ {
(00:28)} Rxd8 {(00:07)} 32. Rxd8+ {(00:04)} Kf7 {(
01:17)} 33. Qg3 {(01:30)} Qxb2+ {(03:11)} 34. Kh3 {(00:05]
} Qc3 {(00:46)} 35. Rd3 {(01:11)} Qc1 {(02:00)} 36. Qc7+ {
(00:07)} 1-0

[Event "42nd Olympiad Baku 2016 Women"]
[Site "Baku"]
[Date "2016.09.03"]
[Round "2.19"]
[White "Botez, Alexandra"]
[Black "Berzina, Ilze"]
[Result "0-1"]
[ECO "D70"]
[WhiteElo "2092"]
[BlackElo "2241"]
[Annotator ""]
[PlyCount "52"]
[EventDate "2016.??.??"]
[EventCountry "AZE"]
[SourceTitle "playchess.com"]
[Source "ChessBase"]
[WhiteTeam "Canada"]
[BlackTeam "Latvia"]
[WhiteTeamCountry "CAN"]
[BlackTeamCountry "LAT"]
[TimeControl "40/5400+30:1800+30"]

1. d4 {(00:00)} d5 {(00:00)} 2. c4 {(00:00)} c6 {(
00:00)} 3. Nf3 {(00:00)} Nf6 {(00:03)} 4. Nbd2 {(00:12)}
g6 {(11:52)} 5. g3 {(02:43)} Bg7 {(00:08)} 6. Bg2 {
(00:15)} O-O {(00:13)} 7. O-O {(01:21)} Bf5 {(09:
06)} 8. Nh4 {(07:40)} Be6 {(03:35)} 9. b3 {(21:22)} Qd7 {
(04:06)} 10. Re1 {(13:24)} Na6 {(04:25)} 11. Bb2 {(
01:59)} Rad8 {(01:11)} 12. Nhf3 {(14:32)} Bh3 {(15:08)}
13. Ne5 {(01:04)} Qf5 {(02:35)} 14. Bf3 {(00:59)} Ne4 {
(03:06)} 15. cxd5 {(07:57)} cxd5 {(01:11)} 16. Nd3 {
(03:35)} Bh6 {(02:58)} 17. Nf1 {(01:24)} Rc8 {(06:
23)} 18. e3 {(07:18)} Rc2 {(09:53)} 19. g4 {(09:53)} Qf6 {
(05:29)} 20. Nf4 {(00:30)} Rxb2 {(02:32)} 21. Bxe4 {
(02:04)} Bxf4 {(01:24)} 22. Bf3 {(01:04)} Bd6 {(01:
27)} 23. Ng3 {(01:34)} Bxg4 {(05:14)} 24. Be2 {(00:21)}
Bxe2 {(00:28)} 25. Qc1 {(00:19)} Ba3 {(00:48)} 26. f4 {
(00:45)} Bf3 0-1

[Event "42nd Olympiad Baku 2016 Women"]
[Site "Baku"]
[Date "2016.09.03"]
[Round "2.32"]
[White "Braganza, Nadia"]
[Black "Rubsamen, Anais"]
[Result "0-1"]
[ECO "B06"]
[WhiteElo "1392"]
[BlackElo "1611"]
[Annotator ""]
[PlyCount "100"]
[EventDate "2016.??.??"]
[EventCountry "AZE"]
[SourceTitle "playchess.com"]
[Source "ChessBase"]
[WhiteTeam "New Zealand"]
[BlackTeam "Monaco"]
[WhiteTeamCountry "NZL"]
[BlackTeamCountry "MNC"]
[TimeControl "40/5400+30:1800+30"]

1. e4 {(00:00)} g6 {(00:06)} 2. d4 {(00:00)} Bg7 {(
00:17)} 3. Nf3 {(00:34)} c6 {(00:30)} 4. c4 {(04:20)} d5 {
(01:45)} 5. Nc3 {(01:08)} dxe4 {(02:19)} 6. Nxe4 {(
00:22)} Bg4 {(01:27)} 7. Bd3 {(16:07)} Bxf3 {(05:19)} 8.
Qxf3 {(00:22)} Qxd4 {(06:32)} 9. O-O {(01:22)} Nf6 {
(01:45)} 10. Re1 {(08:22)} O-O {(03:25)} 11. Ng5 {(
16:28)} h6 {(02:57)} 12. Nh3 {(01:16)} e6 {(05:44)} 13.
Nf4 {(10:17)} Nbd7 {(14:08)} 14. Ne2 {(08:13)} Qd6 {
(07:02)} 15. b3 {(10:40)} Ne5 {(02:10)} 16. Qg3 {(
02:17)} Nh5 {(01:19)} 17. Qe3 {(02:08)} Nxd3 {(02:31)} 18.
Rd1 {(00:42)} Bxa1 {(00:21)} 19. Rxd3 {(00:39)} Qb4 {
(07:37)} 20. Bd2 {(00:49)} Qa3 {(04:23)} 21. Qxh6 {
(03:23)} Bg7 {(00:57)} 22. Qe3 {(00:40)} Qxa2 {(00:
37)} 23. h3 {(00:19)} Rad8 {(01:33)} 24. Rxd8 {(02:06)}
Rxd8 {(00:06)} 25. Bb4 {(00:31)} Qb1+ {(01:58)} 26. Kh2 {
(00:12)} Qd3 {(00:12)} 27. Qxd3 {(00:47)} Rxd3 {(
00:05)} 28. Bc5 {(00:23)} b6 {(00:38)} 29. Nc1 {(00:33)}
Be5+ {(02:20)} 30. g3 {(00:33)} Bxg3+ {(04:13)} 31. fxg3 {
(00:13)} Rd2+ {(00:10)} 32. Kg1 {(00:30)} bxc5 {(
00:10)} 33. g4 {(01:19)} Nf4 {(00:49)} 34. h4 {(00:37)}
Rd1+ {(00:08)} 35. Kf2 {(00:10)} Rxc1 {(00:21)} 36. Ke3 {
(00:06)} Ng2+ {(01:48)} 37. Kd2 {(00:11)} Rh1 {(00:
06)} 38. Kc3 {(00:17)} Nxh4 {(00:13)} 39. Kd2 {(00:35)}
Rh3 {(00:20)} 40. Kc2 {(00:00)} Rg3 {(00:00)} 41. g5 {
(00:22)} Rxg5 {(00:47)} 42. Kc3 {(00:09)} Rg3+ {(
00:09)} 43. Kc2 {(00:09)} Rf3 {(00:07)} 44. Kb2 {(00:12)}
g5 {(00:11)} 45. Kc2 {(00:15)} g4 {(00:05)} 46. Kb2 {
(00:06)} g3 {(00:12)} 47. Kc2 {(00:07)} g2 {(00:05]
} 48. Kb2 {(00:06)} g1=Q {(00:12)} 49. Kc2 {(00:05)} Qg2+
{(00:15)} 50. Kb1 {(00:06)} Rf1# {(00:08)} 0-1

[Event "42nd Olympiad Baku 2016 Women"]
[Site "Baku"]
[Date "2016.09.03"]
[Round "2.5"]
[White "Caruana Pulpan, Oana"]
[Black "Caton, Stacey"]
[Result "1-0"]
[ECO "A41"]
[WhiteElo "1894"]
[BlackElo "1605"]
[Annotator ""]
[PlyCount "51"]
[EventDate "2016.??.??"]
[EventCountry "AZE"]
[SourceTitle "playchess.com"]
[Source "ChessBase"]
[WhiteTeam "Malta"]
[BlackTeam "ARU"]
[WhiteTeamCountry "MLT"]
[TimeControl "40/5400+30:1800+30"]

1. d4 {(00:00)} d6 {(00:00)} 2. Nf3 {(00:00)} Nf6 {
(00:00)} 3. g3 {(00:00)} g6 {(00:00)} 4. Bg2 {(00:
00)} Bg7 {(00:01)} 5. O-O {(00:00)} O-O {(00:07)} 6. c4 {
(00:02)} Nbd7 {(00:10)} 7. Nc3 {(00:06)} c6 {(00:
42)} 8. b4 {(01:17)} Nb6 {(18:47)} 9. Qd3 {(11:13)} Bf5 {
(11:26)} 10. e4 {(00:32)} Bxe4 {(00:22)} 11. Nxe4 {
(00:13)} Nxe4 {(00:33)} 12. Qxe4 {(00:06)} Nxc4 {(
00:25)} 13. Rb1 {(07:13)} d5 {(17:49)} 14. Qd3 {(01:12)}
e6 {(18:42)} 15. Bf4 {(01:57)} f6 {(04:51)} 16. Nd2 {
(09:30)} Nb6 {(06:44)} 17. Be3 {(15:31)} a6 {(07:
59)} 18. Nb3 {(03:08)} Nd7 {(01:45)} 19. Nc5 {(01:47)}
Nxc5 {(00:19)} 20. bxc5 {(00:07)} Qc7 {(00:41)} 21. Rb6 {
(04:40)} Ra7 {(02:43)} 22. Rfb1 {(00:22)} Rb8 {(00:
25)} 23. Bd2 {(01:55)} Bf8 {(04:06)} 24. h4 {(03:06)} Be7
{(00:52)} 25. Bh6 {(02:36)} f5 {(01:17)} 26. Bf4 {(
00:12)} 1-0

[Event "42nd Olympiad Baku 2016 Women"]
[Site "Baku"]
[Date "2016.09.03"]
[Round "2.12"]
[White "Castrillon Gomez, Melissa"]
[Black "Sikorova, Olga"]
[Result "1-0"]
[ECO "C02"]
[WhiteElo "2194"]
[BlackElo "2234"]
[Annotator ""]
[PlyCount "55"]
[EventDate "2016.??.??"]
[EventCountry "AZE"]
[SourceTitle "playchess.com"]
[Source "ChessBase"]
[WhiteTeam "Colombia"]
[BlackTeam "Czech Republic"]
[WhiteTeamCountry "COL"]
[BlackTeamCountry "CZE"]
[TimeControl "40/5400+30:1800+30"]

1. e4 {(00:00)} e6 {(00:00)} 2. d4 {(00:09)} d5 {(
00:00)} 3. e5 {(00:16)} c5 {(00:07)} 4. c3 {(00:14)} Nc6 {
(00:28)} 5. Nf3 {(00:10)} Bd7 {(00:30)} 6. a3 {(00:
19)} f6 {(01:07)} 7. Bd3 {(02:53)} Qc7 {(01:51)} 8. O-O {
(13:48)} O-O-O {(03:55)} 9. Qe2 {(04:57)} fxe5 {(
13:32)} 10. Nxe5 {(03:04)} Nxe5 {(00:09)} 11. dxe5 {(00:
27)} Ne7 {(05:48)} 12. b4 {(04:22)} c4 {(02:10)} 13. Bc2 {
(00:05)} h6 {(04:30)} 14. f4 {(08:24)} Nc6 {(06:00]
} 15. a4 {(04:19)} a6 {(06:43)} 16. Be3 {(09:19)} d4 {
(11:45)} 17. cxd4 {(05:11)} Nxb4 {(02:27)} 18. Be4 {
(01:14)} Nd5 {(01:41)} 19. Rc1 {(05:59)} b5 {(02:
18)} 20. axb5 {(01:24)} axb5 {(12:32)} 21. f5 {(15:37)}
Be7 {(09:15)} 22. fxe6 {(12:17)} Bc6 {(05:12)} 23. Bd2 {
(00:25)} Qb7 {(01:45)} 24. Bf3 {(02:37)} Rhf8 {(02:
24)} 25. Na3 {(01:23)} g5 {(04:56)} 26. Nxc4 {(00:46)}
bxc4 {(00:29)} 27. Qxc4 {(00:02)} g4 {(01:19)} 28. Bxd5 {
(00:36)} 1-0

[Event "42nd Olympiad Baku 2016 Women"]
[Site "Baku"]
[Date "2016.09.03"]
[Round "2.32"]
[White "Castro, Neusa Aridas De"]
[Black "Diaz, Luisa Fernanda"]
[Result "1/2-1/2"]
[ECO "B01"]
[WhiteElo "1476"]
[BlackElo "1852"]
[Annotator ""]
[PlyCount "134"]
[EventDate "2016.??.??"]
[EventCountry "AZE"]
[SourceTitle "playchess.com"]
[Source "ChessBase"]
[WhiteTeam "MOZ"]
[BlackTeam "GUA"]
[WhiteTeamCountry "MOZ"]
[BlackTeamCountry "COL"]
[TimeControl "40/5400+30:1800+30"]

1. e4 {(00:00)} d5 {(00:00)} 2. exd5 {(00:00)} Qxd5 {
(00:11)} 3. Nc3 {(00:00)} Qd6 {(00:07)} 4. Nf3 {(
00:37)} Nf6 {(00:07)} 5. Be2 {(00:13)} g6 {(00:09)} 6. O-O
{(00:09)} Bg7 {(00:07)} 7. Nb5 {(00:07)} Qd8 {(00:
26)} 8. c3 {(00:34)} a6 {(01:48)} 9. Nbd4 {(00:54)} O-O {
(01:47)} 10. Qb3 {(02:09)} c5 {(01:36)} 11. Nc2 {(
00:32)} Nc6 {(04:10)} 12. Ne3 {(01:21)} b5 {(01:25)} 13.
d3 {(02:36)} Bb7 {(01:35)} 14. a3 {(05:12)} Nh5 {(
06:22)} 15. Ng4 {(01:07)} Qc7 {(02:20)} 16. Nh6+ {(01:30)}
Bxh6 {(00:30)} 17. Bxh6 {(00:09)} Rfe8 {(03:13)} 18. Ng5 {
(00:34)} e6 {(01:04)} 19. Bxh5 {(00:14)} gxh5 {(00:
13)} 20. Qd1 {(00:35)} Qe5 {(03:19)} 21. Qxh5 {(02:05)}
Qf5 22. g4 {(03:11)} Qg6 {(04:06)} 23. Qxg6+ {(00:56)}
hxg6 {(00:16)} 24. Ne4 {(00:13)} Re7 {(13:40)} 25. Nxc5 {
(00:23)} Ne5 {(00:48)} 26. Nxb7 {(04:08)} Rxb7 {(
00:08)} 27. d4 {(00:56)} Nxg4 {(00:58)} 28. Bg5 {(01:03)}
Kg7 {(05:35)} 29. h3 {(04:29)} Nf6 {(06:42)} 30. Rfe1 {
(00:37)} Nd5 {(02:38)} 31. Re4 {(01:36)} a5 {(09:
50)} 32. Rh4 {(01:26)} Rc8 {(02:31)} 33. Rc1 {(02:38)}
Rbc7 {(04:23)} 34. Bd2 {(01:33)} b4 {(02:40)} 35. Re4 {
(05:03)} bxc3 {(04:23)} 36. bxc3 {(03:10)} Nxc3 {(
00:40)} 37. Ree1 {(02:23)} a4 {(02:13)} 38. Bxc3 {(00:40)}
Rxc3 {(00:06)} 39. Rxc3 {(00:10)} Rxc3 {(00:05)} 40. Re3 {
(00:00)} Rc1+ {(00:00)} 41. Kg2 {(00:16)} Rb1 {(00:
52)} 42. Kf3 {(02:29)} Kf6 {(06:19)} 43. Ke4 {(01:13)} Ke7
{(05:26)} 44. Kf4 {(02:40)} Rd1 {(03:49)} 45. Ke4 {
(02:26)} Kd6 {(01:56)} 46. Rd3 {(01:06)} Re1+ {(03:
11)} 47. Re3 {(00:36)} Rc1 {(03:33)} 48. Kd3 {(00:41)} Kd5
{(03:15)} 49. Re5+ {(01:34)} Kd6 {(00:09)} 50. Ra5 {
(00:09)} Rh1 {(00:53)} 51. Rxa4 {(00:19)} Rxh3+ {(
00:08)} 52. Ke2 {(00:37)} Rh1 {(04:15)} 53. Ra8 {(01:01)}
Ra1 {(00:41)} 54. Kd3 {(01:04)} f5 {(01:03)} 55. f4 {
(01:12)} Rd1+ {(01:49)} 56. Ke3 {(00:13)} Rg1 {(01:
31)} 57. a4 {(01:26)} g5 {(01:32)} 58. fxg5 {(00:14)} Rxg5
{(00:06)} 59. a5 {(00:05)} Rg3+ {(00:07)} 60. Kf4 {
(01:49)} Rg4+ {(00:17)} 61. Ke3 {(03:09)} Re4+ {(
03:04)} 62. Kd3 {(00:19)} Kc7 {(01:22)} 63. Ra7+ {(06:08)}
Kc6 {(00:12)} 64. Ra8 {(03:26)} Kb7 {(00:16)} 65. Rd8 {
(00:14)} Ka6 {(01:12)} 66. Ra8+ {(00:07)} Kb7 {(00:
06)} 67. Rd8 {(00:10)} Ka6 {(01:58)} 1/2-1/2

[Event "42nd Olympiad Baku 2016 Women"]
[Site "Baku"]
[Date "2016.09.03"]
[Round "2.23"]
[White "Chang, Suzana"]
[Black "Soumya, Swaminathan"]
[Result "0-1"]
[ECO "D94"]
[WhiteElo "2093"]
[BlackElo "2379"]
[Annotator ""]
[PlyCount "68"]
[EventDate "2016.??.??"]
[EventCountry "AZE"]
[SourceTitle "playchess.com"]
[Source "ChessBase"]
[WhiteTeam "Brazil"]
[BlackTeam "India"]
[WhiteTeamCountry "BRA"]
[BlackTeamCountry "IND"]
[TimeControl "40/5400+30:1800+30"]

1. d4 {(00:00)} Nf6 {(00:17)} 2. c4 {(00:00)} g6 {(
00:06)} 3. Nc3 {(00:02)} d5 {(00:14)} 4. Nf3 {(00:06)} Bg7
{(00:11)} 5. e3 {(00:15)} O-O {(00:43)} 6. b4 {(00:
17)} b6 {(00:47)} 7. Ba3 {(01:45)} c5 {(01:16)} 8. Nxd5 {
(05:30)} Nxd5 {(03:08)} 9. cxd5 {(00:05)} cxd4 {(
08:00)} 10. e4 {(07:28)} e6 {(04:23)} 11. Bc4 {(01:29)} b5
{(07:33)} 12. Bxb5 {(19:23)} exd5 {(00:21)} 13. e5 {
(02:53)} Qb6 {(02:39)} 14. Qa4 {(15:39)} Bg4 {(04:
32)} 15. Be2 {(13:06)} d3 {(13:46)} 16. Bd1 {(09:31)} Nd7
{(06:18)} 17. O-O {(02:02)} Rad8 {(01:38)} 18. Bb2 {
(04:20)} Bxf3 {(02:41)} 19. Bxf3 {(00:03)} Bxe5 {(
00:08)} 20. Qb3 {(00:40)} Qd6 {(00:38)} 21. Rfe1 {(01:06)}
Bxh2+ {(02:33)} 22. Kh1 {(00:48)} Be5 {(00:19)} 23. Rad1 {
(02:56)} Qf6 {(05:15)} 24. Bxe5 {(00:22)} Nxe5 {(
00:02)} 25. Rxe5 {(04:50)} Qxe5 {(00:06)} 26. Qxd3 {(00:
05)} d4 {(01:31)} 27. b5 {(01:44)} Rfe8 {(00:32)} 28. Kg1
{(00:22)} Qc5 {(00:46)} 29. Bc6 {(00:49)} Re6 {(01:
27)} 30. Bf3 {(01:16)} Kg7 {(01:24)} 31. g3 {(00:14)} Re5
{(01:02)} 32. Bc6 {(01:02)} Qc3 {(03:21)} 33. a4 {(
01:40)} Re1+ {(05:21)} 34. Rxe1 {(00:49)} Qxd3 {(00:07)}
0-1

[Event "42nd Olympiad Baku 2016 Women"]
[Site "Baku"]
[Date "2016.09.03"]
[Round "2.1"]
[White "Cho, Hung-Ling"]
[Black "Mendieta, Kathya"]
[Result "0-1"]
[ECO "B33"]
[WhiteElo "1515"]
[BlackElo "1943"]
[Annotator ""]
[PlyCount "66"]
[EventDate "2016.??.??"]
[EventCountry "AZE"]
[SourceTitle "playchess.com"]
[Source "ChessBase"]
[WhiteTeam "Taiwan"]
[BlackTeam "Nicaragua"]
[WhiteTeamCountry "TPE"]
[BlackTeamCountry "NCA"]
[TimeControl "40/5400+30:1800+30"]

1. e4 {(00:00)} c5 {(00:00)} 2. Nf3 {(00:00)} Nc6 {
(00:55)} 3. d4 {(00:00)} cxd4 {(00:38)} 4. Nxd4 {(
00:10)} e5 {(00:35)} 5. Nb5 {(04:09)} d6 {(05:00)} 6. N1c3
{(01:31)} a6 {(05:02)} 7. Na3 {(00:22)} Nf6 {(03:
46)} 8. Bg5 {(02:41)} b5 {(05:07)} 9. Nd5 {(02:18)} Be7 {
(04:52)} 10. Bxf6 {(02:00)} Bxf6 {(02:46)} 11. c4 {
(09:51)} b4 {(19:37)} 12. Qa4 {(12:49)} Bd7 {(01:
19)} 13. Nxb4 {(09:46)} Nd4 {(02:11)} 14. Qd1 {(00:52)}
Qa5 {(00:32)} 15. Qd2 {(01:12)} Rb8 {(07:35)} 16. Nd3 {
(03:18)} Qa4 {(03:40)} 17. Be2 {(08:28)} Bd8 {(08:
09)} 18. O-O {(05:43)} Ba5 {(00:38)} 19. Qd1 {(02:52)} Qc6
{(00:56)} 20. Bf3 {(04:50)} O-O {(00:39)} 21. b3 {(
02:42)} f5 {(02:07)} 22. Be2 {(10:12)} fxe4 {(00:33)} 23.
Nb2 {(01:24)} Bc3 {(02:57)} 24. Rb1 {(00:34)} Qc5 {
(04:01)} 25. Nc2 {(01:40)} Nxc2 {(03:25)} 26. Qxc2 {
(00:10)} Bd4 {(00:13)} 27. Nd1 {(08:35)} Rf6 {(01:
25)} 28. Qd2 {(03:35)} a5 {(03:01)} 29. Ne3 {(00:58)} Rbf8
{(01:27)} 30. h3 {(01:28)} Rxf2 {(03:25)} 31. Rxf2 {
(00:41)} Bxe3 {(00:10)} 32. Qd5+ {(00:33)} Qxd5 {(
00:16)} 33. cxd5 {(00:02)} Rxf2 {(00:12)} 0-1